 Seeded DCSS version 0.29-a0-2-g12fcac58f8 (webtiles) character file.

Game seed: 15814994978132999474 (custom seed)

129914 wilfster70 the Severer (level 16, -30/187 HPs)
             Began as a Demonspawn Berserker on Jan 25, 2022.
             Was a High Priest of Trog.
             Killed from afar by Nikola (70 damage)
             ... with an arc of chain lightning
             ... on level 2 of the Snake Pit on Jan 26, 2022.
             The game lasted 01:08:20 (23473 turns).

wilfster70 the Severer (Demonspawn Berserker)      Turns: 23473, Time: 01:08:21

Health: -30/187    AC: 32    Str: 28    XL:     16   Next: 51%
Magic:  16/16      EV: 10    Int: 10    God:    Trog [*****.]
Gold:   463        SH: 10    Dex: 13    Spells: 15/15 levels left

rFire   + . .      SeeInvis .   a - +2 broad axe (venom)
rCold   + . .      Faith    .   f - +0 kite shield "Naneric" {Slay+3}
rNeg    . . .      Spirit   .   S - +5 plate armour {rPois}
rPois   +          Reflect  .   F - +0 hat of Negation {rElec}
rElec   +          Harm     .   (cloak unavailable)
rCorr   +          Rampage  .   y - +2 pair of gloves of the Well-Known Places {Will+}
Will    ++...                   w - +2 pair of boots
Stlth   ..........              C - amulet of regeneration
HPRegen 1.21/turn               z - ring of the Camelopard {rF+ rCorr Str+4}
MPRegen 0.15/turn               j - ring of protection from cold

@: berserking (expiring), studying Armour, very quick
A: icy blue scales 2, powered by pain 2, spiny 1, weakness stinger 3
a: Renounce Religion, Berserk, Trog's Hand, Brothers in Arms


You were on level 2 of the Snake Pit.
You worshipped Trog.
Trog was extremely pleased with you.
You visited 4 branches of the dungeon, and saw 25 of its levels.
You also visited: Bailey, Gauntlet and Ice Cave.

You collected 3247 gold pieces.
You spent 2784 gold pieces at shops.

Inventory:

Hand Weapons
 a - a +2 broad axe of venom (weapon)
 b - a +2 vorpal eveningstar
 R - a +3 fustibalus of flaming
Missiles
 k - 42 poisoned darts (quivered)
 G - 2 silver boomerangs
 I - 7 curare-tipped darts
 J - 5 silver javelins
 N - 11 javelins
 P - 2 throwing nets
Armour
 f - the +0 kite shield "Naneric" (worn) {Slay+3}
   (You found it on level 2 of the Dungeon)

   Slay:      It affects your accuracy & damage with ranged weapons and melee
   (+3).
 w - a +2 pair of boots (worn)
 y - the +2 pair of gloves of the Well-Known Places (worn) {Will+}
   (You found it on level 11 of the Dungeon)

   Will:      It increases your willpower.
 F - the +0 hat of Negation (worn) {rElec}
   (You found it in a Gauntlet)

   rElec:     It insulates you from electricity.
 S - a +5 plate armour of poison resistance (worn)
Jewellery
 j - a ring of protection from cold (right hand)
 z - the ring of the Camelopard (left hand) {rF+ rCorr Str+4}
   (You found it on level 6 of the Dungeon)

   [ring of protection from fire]

   Str:       It affects your strength (+4).
   rF:        It protects you from fire.
   rCorr:     It protects you from acid and corrosion.
 A - the ring "Komen" {Str+4 SInv}
   (You bought it in a shop on level 14 of the Dungeon)

   [ring of see invisible]

   Str:       It affects your strength (+4).
   SInv:      It lets you see invisible.
 C - an amulet of regeneration (around neck)
Wands
 d - a wand of acid (8)
 g - a wand of polymorph (17)
 s - a wand of paralysis (10)
 t - a wand of flame (45)
 v - a wand of iceblast (6)
 x - a wand of mindburst (2)
 H - a wand of digging (10)
 M - a wand of charming (5)
Scrolls
 m - a scroll of blinking
 u - 4 scrolls of fear
 D - a scroll of fog
 K - a scroll of summoning
 L - 5 scrolls of magic mapping
 O - 4 scrolls of teleportation
 U - a scroll of silence
Potions
 c - 4 potions of flight
 e - 3 potions of haste
 h - 6 potions of mutation
 i - 14 potions of curing
 l - 4 potions of magic
 n - 3 potions of cancellation
 o - 2 potions of might
 p - a potion of invisibility
 q - 8 potions of heal wounds
 B - 2 potions of ambrosia
 E - 3 potions of berserk rage
 Q - 2 potions of lignification
Miscellaneous
 T - a box of beasts


   Skills:
 - Level 11.2 Fighting
 - Level 18.0 Axes
 - Level 15.0 Armour
 - Level 8.0 Dodging
 - Level 8.7 Shields
 + Level 11.1 Evocations


You had 15 spell levels left.
You didn't know any spells.
Your spell library was empty.

Dungeon Overview and Level Annotations

Branches:
Dungeon (15/15)            Temple (0/1) D:7            Lair (6/6) D:10
  Swamp (0/4) Lair:4        Snake (2/4) Lair:2        Slime (0/5) Lair:5
    Orc (2/2) D:9             Elf (0/3) Orc:2        Vaults (0/5) D:13
 Depths (0/4) D:15         Bailey (visited)           IceCv (visited)
Gauntlet (visited)

Altars:
Ashenzari
Cheibriados
Hepliaklqana
Trog
Uskayaw
Wu Jian
The Shining One
Beogh

Shops:
D:2 [   D:6 *=   D:10 (   D:11 [   D:14 [=?=(   Orc:2 ((:*!

Portals:
Pandemonium: Orc:2

Annotations:
Snake:2 Nikola


Innate Abilities, Weirdness & Mutations

You are mostly covered in icy blue scales. (AC +3)
You sometimes gain power by taking damage.
You are partially covered in sharp spines.
You have a sharp stinger which inflicts weakening toxins.


Message History

Nikola casts a spell.
Lightning arcs from Nikola's hands!
The bolt of lightning hits you!!! You resist.
A bolt of lightning appears from out of thin air!
The bolt of lightning hits Nikola!
You hear a shout!
You hear an angry hiss.
You hear a shout!
You hear an angry hiss.
You slice Nikola!!
Nikola is moderately wounded.
Nikola casts a spell at you. The bolt of lightning misses you.
You closely miss Nikola.
Nikola is moderately wounded.
Nikola is struck by your spines. Nikola hits you but does no damage.
A red film seems to cover your vision as you go berserk!
You feel yourself moving faster!
You feel mighty! You block Nikola's attack.
You carve Nikola like a ham!!! You tail-slap Nikola!
Nikola looks weaker.
Nikola is heavily wounded.
You barely miss Nikola.
Nikola is heavily wounded.
Nikola casts a spell.
Lightning arcs from Nikola's hands!
The bolt of lightning hits you!!!! You resist.
* * * LOW HITPOINT WARNING * * *
A bolt of lightning appears from out of thin air!
The bolt of lightning hits Nikola.
You hear a shout!
You hear an angry hiss.
You hear a shout!
You slash Nikola!
Nikola looks as sick as possible!
You tail-slap Nikola!
Nikola is severely wounded.
You slice Nikola!!
Nikola looks as sick as possible!
Nikola is severely wounded.
You block Nikola's attack.
You slice Nikola!!
Nikola looks as sick as possible!
Nikola is almost dead.
You barely miss Nikola.
Nikola is almost dead.
Nikola gestures wildly while chanting.
Lightning arcs from Nikola's hands!
The bolt of lightning hits you!!! You resist.
You die...

##......## #........##
..........# ..........#
#..........# ####
#..........##....
#......@......#
........@.....#.#
.#..........?...#
#......<...(.####
#...[......>.# #####
#............## #...# ..)
..............# #.>.# ...
............### #...# ...
............######...####
... #
............##........)..


You could see Nikola (extremely poisoned, weak).

Vanquished Creatures
  Mlioglotl (Snake:2)
  Jorgrun (D:12)
  Gastronok (D:12)
  The ghost of Cemijugu the Devastator, an adept GrCj of Gozag (D:15)
  Aizul (Snake:2)
  Nessos (Lair:4)
  A minotaur (Gauntlet)
  An eidolon (D:15)
  A fire dragon (D:15)
  Fannar (Lair:3)
  A rakshasa (D:14)
  5 boulder beetles
  8 hydras
  2 naga warriors (Snake:1)
  2 demonspawn (Orc:2)
  10 centaur warriors
  5 death yaks
  7 two-headed ogres
  3 anacondas
  Urug (Lair:4)
  5 orc high priests (Orc:2)
  5 naga sharpshooters
  Sonja (D:12)
  2 fire crabs
  A skeletal warrior (D:15)
  A flayed ghost (D:15)
  A deep troll (D:13)
  3 phantasmal warriors (D:15)
  An orange crystal statue (D:15)
  A swamp dragon (Lair:4)
  A bog body (IceCv)
  A naga ritualist (Snake:1)
  Pikel (D:8)
  2 necromancers
  A mana viper (Snake:1)
  6 ugly things
  A fire giant zombie (D:15)
  6 orc knights (Orc:2)
  6 orc sorcerers (Orc:2)
  4 cyclopes
  4 manticores
  A sphinx skeleton (D:15)
  A moth of wrath (Orc:2)
  4 naga magi
  12 elephants
  2 ice statues (IceCv)
  A rust devil (Orc:2)
  A black mamba (shapeshifter) (D:15)
  A gargoyle (D:10)
  5 molten gargoyles
  23 black mambas
  A smoke demon (Gauntlet)
  6 torpor snails
  An orange demon (Orc:2)
  2 efreet
  10 cane toads
  A freezing wraith (D:13)
  Psyche (D:11)
  2 kobold demonologists
  4 rime drakes
  13 komodo dragons
  3 anaconda simulacra (IceCv)
  4 ice devils (IceCv)
  3 entropy weaver simulacra (IceCv)
  2 tengu conjurers (D:15)
  A hellwing (Orc:2)
  A guardian mummy (D:15)
  3 meliai (D:13)
  6 trolls
  2 polar bears
  A wind drake (shapeshifter) (D:13)
  27 blink frogs
  2 spriggan zombies (D:15)
  4 slime creatures
  2 dream sheep (Lair:4)
  2 centaur simulacra
  2 shadows
  5 wyverns
  A vampire (D:9)
  42 yaks
  2 wraiths
  2 fire bats (Gauntlet)
  A hog (shapeshifter) (D:15)
  2 dire elephant simulacra (IceCv)
  3 steam dragons
  4 basilisks
  12 vampire mosquitoes
  Edmund (D:6)
  A chaos spawn (Orc:2)
  An acid dragon (D:12)
  15 nagas
  2 harpy simulacra (IceCv)
  15 water moccasins
  4 hell hounds (Lair:6)
  3 ice beasts
  39 orc warriors
  A sky beast (D:8)
  3 black bears
  A necrophage (D:5)
  3 ogres
  19 centaurs
  4 wolves
  2 lemures (D:8)
  5 boggarts
  9 kobold brigands
  Blork the orc (D:6)
  22 bullfrogs
  A gnoll sergeant (D:10)
  2 scorpions
  A two-headed ogre simulacrum (IceCv)
  A cane toad simulacrum (IceCv)
  12 killer bees
  An elephant simulacrum (IceCv)
  10 howler monkeys
  8 wights
  2 electric eels
  10 lava snakes
  3 crimson imps (Gauntlet)
  6 centaur zombies
  2 jellies
  28 orc priests
  A centaur skeleton (D:5)
  A hound (D:5)
  Jessica (D:3)
  5 iguanas
  21 orc wizards
  2 polar bear simulacra (IceCv)
  A spriggan simulacrum (IceCv)
  8 adders
  4 gnolls
  2 shadow imps
  7 white imps
  2 ufetubi
  An adder zombie (D:5)
  An adder skeleton (D:5)
  A worm (D:2)
  3 dart slugs
  77 orcs
  4 bats
  4 endoplasms
  4 giant cockroaches
  13 goblins
  9 hobgoblins
  6 jackals (D:1)
  5 quokkas
  5 ball pythons
  4 frilled lizards
  23 kobolds
  5 rats
  A spectral goblin (D:11)
798 creatures vanquished.

Vanquished Creatures (collateral kills)
  The ghost of Jeovvues the Convoker, a journeyman BaSu of Okawaru (Orc:2)
  A fire dragon (Lair:6)
  2 orc warriors (Orc:2)
4 creatures vanquished.

Vanquished Creatures (others)
  A wizard (D:13)
  A naga mage (Snake:1)
  A hell hound (Lair:6)
  An iguana (Lair:4)
  26 fungi
  31 plants
  11 withered plants (D:15)
72 creatures vanquished.

Grand Total: 874 creatures vanquished

Notes
Turn   | Place    | Note
-------+----------+-------------------------------------------
     0 | D:1      | wilfster70 the Demonspawn Berserker began the quest for the
                  | Orb.
     0 | D:1      | Reached XP level 1. HP: 18/18 MP: 1/1
   289 | D:1      | Reached skill level 3 in Axes
   582 | D:1      | Gained mutation: You sometimes gain a little power by
                  | taking damage. [demonic ancestry]
   582 | D:1      | Reached XP level 2. HP: 24/24 MP: 2/2
   903 | D:1      | Gained mutation: You are partially covered in sharp spines.
                  | [demonic ancestry]
   903 | D:1      | Reached XP level 3. HP: 21/29 MP: 3/3
  1113 | D:1      | Reached ** piety under Trog
  1127 | D:1      | Found a faded altar of an unknown god.
  1460 | D:2      | Identified the +0 kite shield "Naneric" {Slay+3}
  1540 | D:2      | Found Seluut's Armour Shop.
  1579 | D:2      | Reached XP level 4. HP: 35/35 MP: 4/4
  2184 | D:3      | Noticed Jessica
  2189 | D:3      | Killed Jessica
  2190 | D:3      | Reached skill level 4 in Axes
  2291 | D:3      | Reached XP level 5. HP: 32/41 MP: 5/5
  2395 | D:3      | Identified the +7 leather armour of Distant Shores {rN+}
  3067 | D:4      | Reached skill level 7 in Axes
  3067 | D:4      | Reached XP level 6. HP: 47/47 MP: 6/6
  3068 | D:4      | Reached skill level 9 in Axes
  3068 | D:4      | Reached XP level 7. HP: 52/52 MP: 7/7
  3162 | D:4      | Reached *** piety under Trog
  3198 | D:4      | Gained mutation: You are partially covered in icy blue
                  | scales. (AC +2) [demonic ancestry]
  3198 | D:4      | Reached XP level 8. HP: 33/58 MP: 8/8
  3927 | D:5      | Entered Level 5 of the Dungeon
  4676 | D:2      | Bought a +0 pair of boots for 54 gold pieces
  4676 | D:2      | Bought a +2 cloak of poison resistance for 222 gold pieces
  4851 | D:6      | Gained mutation: You have a small tail. [demonic ancestry]
  4851 | D:6      | Reached XP level 9. HP: 59/63 MP: 9/9
  4902 | D:6      | Found Limiss's Sacrilege Store.
  5095 | D:6      | Found Lanasm's Jewellery Shop.
  5198 | D:6      | Noticed Edmund
  5215 | D:6      | Killed Edmund
  5346 | D:6      | Noticed Blork the orc
  5352 | D:6      | Killed Blork the orc
  5358 | D:6      | Reached **** piety under Trog
  5386 | D:6      | Identified the ring of the Camelopard {rF+ rCorr Str+4}
  5648 | D:7      | Found a staircase to the Ecumenical Temple.
  6594 | D:8      | Noticed Pikel
  6601 | D:8      | Killed Pikel
  6602 | D:8      | Reached skill level 10 in Axes
  6602 | D:8      | Reached XP level 10. HP: 53/70 MP: 10/10
  6905 | D:8      | Noticed a two-headed ogre
  6915 | D:8      | Killed a two-headed ogre
  7044 | D:8      | Reached skill level 10 in Armour
  7093 | D:9      | Found a flagged portal.
  7134 | D:9      | HP: 3/70 [something (6)]
  7153 | D:9      | Found a staircase to the Orcish Mines.
  7361 | Bailey   | Entered a bailey
  7438 | Bailey   | Found an iron altar of Okawaru.
  7821 | D:9      | Reached skill level 11 in Axes
  8676 | D:10     | Entered Level 10 of the Dungeon
  8686 | D:10     | Found a staircase to the Lair.
  8705 | D:10     | Found Piwut's Weapon Shop.
  8739 | D:10     | Noticed a gargoyle
  8745 | D:10     | Killed a gargoyle
  8746 | D:10     | Gained mutation: You have a tail ending in a sharp stinger.
                  | [demonic ancestry]
  8746 | D:10     | Reached XP level 11. HP: 78/78 MP: 11/11
  8822 | D:10     | Noticed a two-headed ogre
  8827 | D:10     | Killed a two-headed ogre
  8827 | D:10     | Noticed a two-headed ogre
  8828 | D:10     | Reached skill level 5 in Fighting
  8840 | D:10     | Killed a two-headed ogre
  8905 | D:10     | Reached skill level 12 in Axes
  8977 | D:10     | Upgraded the game from 0.28-a0-1638-g9123634e07 to
                  | 0.29-a0-2-g12fcac58f8
  9298 | D:10     | Noticed a centaur warrior
  9303 | D:10     | Killed a centaur warrior
  9303 | D:10     | Reached ***** piety under Trog
  9535 | D:11     | Noticed a seven-headed hydra
  9542 | D:11     | Killed a seven-headed hydra
  9622 | D:11     | Noticed a seven-headed hydra
  9630 | D:11     | Killed a seven-headed hydra
  9724 | D:11     | Noticed Psyche
  9730 | D:11     | Killed Psyche
  9731 | D:11     | Reached skill level 13 in Axes
  9902 | D:11     | Found Toupp's Antique Armour Shop.
  9919 | D:11     | Found a hazy altar of Hepliaklqana.
 10043 | D:11     | Identified the +2 pair of gloves of the Well-Known Places
                  | {Will+}
 10186 | Lair:1   | Entered Level 1 of the Lair of Beasts
 10198 | Lair:1   | Gained mutation: You are mostly covered in icy blue scales.
                  | (AC +3) [demonic ancestry]
 10198 | Lair:1   | Reached XP level 12. HP: 88/91 MP: 12/12
 10226 | Lair:1   | Found an ornate altar of the Wu Jian Council.
 10226 | Lair:1   | Noticed a boulder beetle
 10241 | Lair:1   | Killed a boulder beetle
 10558 | Lair:1   | Found a hide-covered altar of Uskayaw.
 10630 | Lair:1   | Identified the +9 flail "Jied" {vorpal, rPois rF- Int+2}
 10719 | Lair:1   | Reached skill level 14 in Axes
 11149 | Lair:2   | Found a staircase to the Snake Pit.
 11168 | Lair:2   | Received a gift from Trog
 11609 | Lair:2   | Found a snail-covered altar of Cheibriados.
 12107 | Lair:3   | Found a gate leading to a gauntlet.
 12114 | Gauntlet | Entered a Gauntlet
 12114 | Gauntlet | Found a transporter.
 12114 | Gauntlet | Found a transporter.
 12133 | Gauntlet | Found a transporter.
 12133 | Gauntlet | Found a transporter.
 12133 | Gauntlet | Found a transporter.
 12157 | Gauntlet | Found a transporter.
 12157 | Gauntlet | Found a transporter.
 12164 | Gauntlet | Found a transporter.
 12166 | Gauntlet | Noticed a death scarab
 12166 | Gauntlet | Noticed a death yak
 12166 | Gauntlet | Noticed a death yak
 12167 | Gauntlet | Noticed a death yak
 12168 | Gauntlet | Identified the +0 hat of Negation {rElec}
 12180 | Gauntlet | Noticed a ghost crab
 12189 | Gauntlet | Noticed a death scarab
 12198 | Gauntlet | Found a transporter.
 12219 | Gauntlet | Killed a death yak
 12223 | Gauntlet | Killed a death yak
 12226 | Gauntlet | Killed a death yak
 12227 | Gauntlet | Gained mutation: You sometimes gain power by taking damage.
                  | [demonic ancestry]
 12227 | Gauntlet | Reached XP level 13. HP: 101/101 MP: 13/13
 12275 | Gauntlet | Found a transporter.
 12281 | Gauntlet | Identified the ring "Puozeu" {rElec Str+4 Int-5 Dex+6
                  | Stlth+}
 12294 | Gauntlet | Noticed a minotaur
 12302 | Gauntlet | Killed a minotaur
 12402 | Lair:3   | Reached skill level 15 in Axes
 12494 | Lair:3   | Noticed Fannar
 12507 | Lair:3   | Killed Fannar
 12836 | Lair:3   | You fall into a shaft and drop 2 floors!
 12920 | Lair:5   | Reached skill level 10 in Fighting
 12969 | Lair:4   | Noticed Urug
 12976 | Lair:4   | Killed Urug
 12992 | Lair:4   | Identified a scroll of acquirement
 12993 | Lair:4   | Acquired a manual of Armour
 13131 | Lair:4   | Found a staircase to the Swamp.
 13324 | Lair:4   | Reached skill level 16 in Axes
 13539 | Lair:4   | Noticed Nessos
 13551 | Lair:4   | Killed Nessos
 14093 | Lair:5   | Reached XP level 14. HP: 113/113 MP: 14/14
 14319 | Lair:5   | Found a staircase to the Slime Pits.
 14711 | Lair:6   | Entered Level 6 of the Lair of Beasts
 14816 | Lair:6   | Reached skill level 17 in Axes
 15359 | Lair:6   | Reached skill level 18 in Axes
 15445 | Lair:6   | Found a large runed translucent door.
 15445 | Lair:6   | Found a large runed translucent door.
 15833 | Orc:1    | Entered Level 1 of the Orcish Mines
 15931 | Orc:2    | Entered Level 2 of the Orcish Mines
 16005 | Orc:2    | Found Tiataj's Distillery.
 16046 | Orc:2    | Found Pejae's Weapon Shoppe.
 16160 | Orc:2    | Found a staircase to the Elven Halls.
 16673 | Orc:2    | Found a bloodstained altar of Trog.
 16673 | Orc:2    | Noticed Jeovvues's ghost (journeyman BaSu)
 16673 | Orc:2    | Found the +3 hat of Pondering {ponderous, Will+ MP+10
                  | Int+5}
 16681 | Orc:2    | Found a transporter.
 16699 | Orc:2    | Found a transporter.
 16715 | Orc:2    | Reached ****** piety under Trog
 16751 | Orc:2    | Reached skill level 5 in Dodging
 16780 | Orc:2    | Killed Jeovvues's ghost
 16809 | Orc:2    | Identified the +5 scale mail "Dofykiaf" {rF+}
 16922 | Orc:2    | Found Cedyg's General Store.
 16942 | Orc:2    | Received a gift from Trog
 16996 | Orc:2    | Bought a potion of invisibility for 128 gold pieces
 16996 | Orc:2    | Bought a potion of berserk rage for 80 gold pieces
 17356 | Orc:2    | Gained mutation: You have a sharp stinger which inflicts
                  | weakening toxins. [demonic ancestry]
 17356 | Orc:2    | Reached XP level 15. HP: 28/118 MP: 15/15
 17490 | Orc:2    | Found Fungycacaw's Book Shop.
 17490 | Orc:2    | Found a one-way gate leading to the halls of Pandemonium.
 17490 | Orc:2    | Found Haokuhoch's Antique Weapon Boutique.
 17495 | Orc:2    | Bought a glowing fustibalus for 666 gold pieces
 17687 | D:12     | Noticed Sonja
 17699 | D:12     | Killed Sonja
 17750 | D:12     | Noticed Gastronok
 17813 | D:12     | Killed Gastronok
 17892 | D:12     | Found a frozen archway.
 17903 | IceCv    | Entered an ice cave
 18512 | D:12     | Noticed Jorgrun
 18523 | D:12     | Killed Jorgrun
 18534 | D:12     | Received a gift from Trog
 19355 | D:11     | Bought a shiny plate armour for 650 gold pieces
 19355 | D:11     | Bought a glowing plate armour for 650 gold pieces
 19628 | D:13     | Reached skill level 15 in Armour
 19727 | D:13     | Reached skill level 1 in Evocations
 19741 | D:13     | Found a gate to the Vaults.
 19883 | D:14     | Found Peoqib's Antique Armour Emporium.
 20058 | D:14     | Found Velex's Magic Scroll Shoppe.
 20077 | D:14     | Found Bopn's Jewellery Boutique.
 20140 | D:14     | Found Wotsal's Antique Weapon Boutique.
 20226 | D:14     | Found Eckeag's Jewellery Shoppe.
 20464 | D:14     | Bought the ring "Komen" {Str+4 SInv} for 334 gold pieces
 20647 | D:15     | Entered Level 15 of the Dungeon
 20725 | D:15     | Reached skill level 5 in Evocations
 20825 | D:15     | Found a runed translucent gate.
 20826 | D:15     | Found a runed translucent gate.
 20826 | D:15     | Found a runed translucent gate.
 20828 | D:15     | Noticed Cemijugu's ghost (adept GrCj)
 20844 | D:15     | Found a broken altar of Ashenzari.
 20936 | D:15     | Received a gift from Trog
 20951 | D:15     | Found a staircase to the Depths.
 20958 | D:15     | Reached XP level 16. HP: 79/125 MP: 16/16
 21868 | D:15     | Killed Cemijugu's ghost
 22152 | Snake:1  | Entered Level 1 of the Snake Pit
 23060 | Snake:2  | Reached skill level 10 in Evocations
 23167 | Snake:2  | Noticed Mlioglotl
 23180 | Snake:2  | Killed Mlioglotl
 23247 | Snake:2  | Noticed Aizul
 23274 | Snake:2  | Killed Aizul
 23274 | Snake:2  | Received a gift from Trog
 23410 | Snake:2  | Identified the +7 flail of the Skies Above {freeze, rElec}
 23459 | Snake:2  | Noticed Nikola
 23473 | Snake:2  | Killed from afar by Nikola

Illustrated notes

Levels and vault maps discovered:
D:1:      lightli_arrival_statue_moat, layout_basic,
          dilly_ecumenical_altar_fadedgnrine
D:2:      layout_basic, serial_shops, nicolae_shop_behind_doors, hex_tiny
D:3:      layout_basic, kennysheep_jessica_study
D:4:      layout_layer_cave
D:5:      layout_rooms, minmay_fountain_box, minmay_pentangle
D:6:      layout_rooms, serial_shops, shop, nicolae_evil_shop, uniq_edmund,
          uniq_blork_the_orc
D:7:      layout_loops_cross, nicolae_overflow_crystal_walls,
          minmay_temple_entry_waves
D:8:      layout_rooms, chequers_arboretum, grunt_ministairs_8, uniq_pikel
D:9:      layout_roguey, minmay_orc_entry_temple_small, enter_bailey_5
D:10:     wad_guarded_room, layout_rooms, serial_shops, nicolae_shop_stone
D:11:     layout_roguey, serial_shops, nicolae_shop_overgrown_old_shop,
          nicolae_hepliaklqana_monster_ancestors, uniq_psyche
D:12:     layout_roguey, serial_ice, serial_ice_c, serial_ice_h, serial_ice_b,
          serial_ice_m, portal_ice_cave_rime, uniq_gastronok, uniq_jorgrun,
          uniq_sonja
D:13:     cheibrodos_magma_flow, layout_basic, david_vaults_4,
          serial_corexii_hall, chequers_hall_statues_wall_a,
          chequers_hall_statues_corner_a, minmay_orc_keep
D:14:     layout_gridville, minmay_splitting_lines, serial_shops,
          nicolae_shop_hallway_stairs, nicolae_shop_behind_doors, shop,
          nicolae_shop_competitors_out_of_business, shop, tso_oasis_becter
D:15:     gammafunk_depths_entry_grave, layout_loops_cross,
          gammafunk_ghost_spectres, ashenzari_conservatory_becter, minivault_16,
          grunt_decor_clamped, lightli_corner_chamber
Lair:1:   layout_regular_city, cheibrodos_lair_caveside_slide,
          nzn_masters_of_martial_movement, grunt_megastairs_1,
          serial_bayou_shore_a, infiniplex_staircase_pool
Lair:2:   layout_small_grid, guppyfry_snake_entry_garden,
          kennysheep_snail_temple
Lair:3:   layout_loops_ring, gauntlet_entry_generic, serial_bayou_pond_d,
          grunt_megastairs_5, uniq_fannar
Lair:4:   nzn_winding_woodlands_stair_cross [nzn_winding_woodlands_5x15_parted,
          nzn_winding_woodlands_center_lodge, nzn_winding_woodlands_5x15_twine,
          nzn_winding_woodlands_hourglass, nzn_winding_woodlands_5x5_perimeter,
          nzn_winding_woodlands_5x15_pool, nzn_winding_woodlands_center_garden,
          nzn_winding_woodlands_5x15_default], layout_hall_layers,
          minmay_swamp_entry_reptiles, chequers_serial_rivers_room_b,
          fungi_pond_lemuel, uniq_nessos, uniq_urug
Lair:5:   layout_concentric_octagons, slime_dummy, nzn_sisyphean_effort
Lair:6:   cheibrodos_lair_end_hotspot, layout_layer_cave,
          chequers_serial_rivers_micro_b
Snake:1:  layout_honeycomb
Snake:2:  layout_rooms, nicolae_elevator_lobby_plus, uniq_nikola,
          uniq_mlioglotl, uniq_aizul
Orc:1:    layout_caves, basic_altar
Orc:2:    pf_orc_diabolical, layout_caves, serial_shops, shop,
          gammafunk_ghost_wrathful_warriors

Skill      XL: |  1  2  3  4  5  6  7  8  9 10 11 12 13 14 15 16 |
---------------+-------------------------------------------------+-----
Armour         | 2 3 7 9 10 15 | 15.0
Axes           | 3 4 7 9 10 11 13 14 16 18 | 18.0
Shields        | 6 7 8 |  8.7
Fighting       | 4 7 9 11 | 11.2
Dodging        | 7 8 |  8.0
Evocations     | 6 11 | 11.1

Action                   |  1- 3 |  4- 6 |  7- 9 | 10-12 | 13-15 | 16-18 || total
-------------------------+-------+-------+-------+-------+-------+-------++-------
Melee: Hand axe          |    36 |       |       |       |       |       ||    36
       Punch             |     1 |       |       |       |       |       ||     1
       War axe           |    46 |    55 |   199 |   395 |     6 |       ||   701
       Tailslap          |       |       |    10 |    57 |   203 |    71 ||   341
       Unarmed           |       |       |       |     5 |       |       ||     5
       Flail             |       |       |       |     7 |    30 |       ||    37
       Broad axe         |       |       |       |       |  1102 |   284 ||  1386
       Eveningstar       |       |       |       |       |     7 |       ||     7
Invok: Berserk           |     1 |     2 |     5 |    16 |    19 |     3 ||    46
       Trog's Hand       |       |       |       |     3 |    12 |     2 ||    17
       Brothers in Arms  |       |       |       |       |     3 |     2 ||     5
Evoke: Wand              |       |       |       |       |     2 |       ||     2
  Use: Scroll            |       |     2 |    19 |     5 |    13 |     2 ||    41
       Potion            |       |     2 |     1 |     3 |     3 |     1 ||    10
 Stab: Paralysed         |       |       |       |       |     5 |       ||     5
Armor: Animal skin       |    10 |     2 |       |       |       |       ||    12
       Chain mail        |       |    15 |       |       |       |       ||    15
       Leather armour    |       |     5 |    62 |       |       |       ||    67
       Plate armour      |       |       |    41 |   206 |   780 |   163 ||  1190
       Skin              |       |       |       |     1 |       |       ||     1
Dodge: Dodged            |    50 |    15 |    93 |    85 |   385 |   101 ||   729
Block: Kite shield       |     3 |    16 |   131 |   186 |   660 |   135 ||  1131

Table legend: (Time is in decaauts)
 A = Elapsed time spent in this place.
 B = Non-inter-level travel time spent in this place.
 C = Inter-level travel time spent in this place.
 D = Time resting spent in this place.
 E = Time spent auto-exploring this place.
 F = Levels seen in this place.
 G = Mean time per level.
                   A        B        C        D        E       F      G
               +--------+--------+--------+--------+--------+-----+--------+
         Total |  23804 |  22373 |   1431 |   3954 |   9067 |  28 |  850.1 |
       Dungeon |  14295 |  13312 |    983 |   2487 |   6038 |  15 |  953.0 |
          Lair |   5540 |   5182 |    358 |    634 |   2078 |   6 |  923.3 |
     Snake Pit |   1293 |   1274 |     19 |    220 |    530 |   2 |  646.5 |
  Orcish Mines |   1722 |   1653 |     69 |    334 |    345 |   2 |  861.0 |
        Bailey |    232 |    232 |      0 |     23 |     76 |   1 |  232.0 |
      Ice Cave |    505 |    505 |      0 |    192 |      0 |   1 |  505.0 |
      Gauntlet |    214 |    214 |      0 |     62 |      0 |   1 |  214.0 |
               +--------+--------+--------+--------+--------+-----+--------+

Top non-repeatable levels by time:
     D:9: 1491 daAuts
     D:1: 1447 daAuts
    D:15: 1367 daAuts
   Orc:2: 1258 daAuts
    D:13: 1055 daAuts
     D:3: 1045 daAuts
     D:7: 978 daAuts
     D:4: 958 daAuts
  Lair:2: 955 daAuts
  Lair:4: 955 daAuts
  Lair:1: 951 daAuts
  Lair:3: 915 daAuts
  Lair:6: 895 daAuts
 Snake:1: 883 daAuts
    D:10: 883 daAuts
